 Dungeon Crawl Stone Soup version 0.21-a0-529-g8c7b3f5 (webtiles) character file.

53 Keggars the Cudgeler (level 3, 0/34 HPs)
             Began as a Minotaur Berserker on Dec 10, 2017.
             Was a Believer of Trog.
             Slain by a gnoll (6 damage)
             ... on level 2 of the Dungeon on Dec 11, 2017.
             The game lasted 00:09:56 (1210 turns).

Keggars the Cudgeler (Minotaur Berserker)           Turns: 1210, Time: 00:09:58

Health: 0/34       AC:  2    Str: 22    XL:     3   Next: 64%
Magic:  2/2        EV: 12    Int:  4    God:    Trog [**....]
Gold:   83         SH:  0    Dex:  9    Spells: 2/2 levels left

rFire    . . .     SeeInvis .   a - +0 mace
rCold    . . .     Gourm    .   (no shield)
rNeg     . . .     Faith    .   b - +0 animal skin
rPois    .         Spirit   .   (helmet restricted)
rElec    .         Reflect  .   (no cloak)
rCorr    .         Harm     .   (no gloves)
MR       .....                  (no boots)
Stlth    +.........             (no amulet)
HPRegen  0.11/turn              (no ring)
MPRegen  0.08/turn              (no ring)

@: no status effects
A: retaliatory headbutt, horns 2
a: Berserk, Trog's Hand, Burn Spellbooks, Renounce Religion


You were on level 2 of the Dungeon.
You worshipped Trog.
Trog was pleased with you.
You were not hungry.

You visited 1 branch of the dungeon, and saw 2 of its levels.

You collected 83 gold pieces.

Inventory:

Hand Weapons
 a - a +0 mace (weapon)
Armour
 b - a +0 animal skin (worn)
Scrolls
 e - 3 scrolls of identify {unknown}
 i - a scroll of teleportation {unknown}
 j - a scroll of noise {unknown}
 k - 2 scrolls of remove curse {unknown}
Potions
 d - 2 potions of curing {unknown}
 h - 2 potions of might {unknown}
Comestibles
 c - 3 bread rations
 f - 5 chunks of flesh
 g - 2 meat rations


   Skills:
 + Level 4.3 Fighting
 * Level 5.1 Maces & Flails
 - Level 2.4 Armour
 - Level 2.1 Dodging


You had 2 spell levels left.
You didn't know any spells.

Dungeon Overview and Level Annotations

Branches:
Dungeon (2/15)

Altars:


Innate Abilities, Weirdness & Mutations

You reflexively headbutt those who attack you in melee.
You have a pair of horns on your head.


Message History

You regained 10 hp, and now have 25/34 hp.
The gnoll hits you with a flail!
You take 12 damage, and have 13/34 hp.
MASSIVE DAMAGE!!
You hit the gnoll but do no damage. Your headbutt misses the gnoll.
The gnoll completely misses you.
You hit the gnoll.
The gnoll is heavily wounded.
The gnoll hits you with a club.
Some of the chunks of flesh in your inventory have rotted away.
A gnoll comes into view.
You take 2 damage, and have 11/34 hp.
A goblin comes into view. It is wielding a club.
The gnoll hits you but does no damage. The rat barely misses you.
The gnoll closely misses you. The gnoll hits you with a club.
* * * LOW HITPOINT WARNING * * *
You take 5 damage, and have 6/34 hp.
You sock the gnoll!
The gnoll is severely wounded.
The gnoll hits you.
You die...

####.....#.#
#.....##.#.#
#####.....##.#.###
....'...).'.....>#
#####.....##.#.#.#
#.....##.#.#.#
#.....##.#...#
#.....##...g.#
#.....#####g@#
#.....# #.rgg..#
#.....# #..###.#
####### #..# ##.#
#.. #.. ...


You could see 3 gnolls, a goblin and a rat.

Vault maps used:
D:1:      tarquinn_simple_flora_water_c, minmay_misc_feat_cross
D:2:      eat_drink_and_be_merry_uskayaw, first_bread

Notes
Turn   | Place    | Note
-------+----------+-------------------------------------------
     0 | D:1      | Keggars the Minotaur Berserker began the quest for the Orb.
     0 | D:1      | Reached XP level 1. HP: 19/19 MP: 0/0
    62 | D:1      | Reached skill level 4 in Maces & Flails
    85 | D:1      | Reached XP level 2. HP: 19/27 MP: 1/1
   663 | D:1      | Reached ** piety under Trog
   687 | D:1      | Reached XP level 3. HP: 31/33 MP: 2/2
   947 | D:2      | Reached skill level 5 in Maces & Flails
  1210 | D:2      | Slain by a gnoll

Table legend:
 A = Turns spent in this place as a percentage of turns spent in the entire game.
 B = Non-inter-level travel turns spent in this place as a percentage of non-inter-level travel turns spent in the entire game.
 C = Inter-level travel turns spent in this place as a percentage of turns spent in this place.
 D = Turns resting spent in this place as a percentage of non-inter-level travel turns spent in this place.
 E = Turns spent auto-exploring this place as a percentage of non-inter-level travel turns spent in this place.
 F = Non-inter-level travel turns spent in this place divided by the number of levels of this place that you've seen.
                   A       B       C       D       E      F
               +-------+-------+-------+-------+-------+----------------------
         Total | 100.0 | 100.0 |   2.5 |   0.0 |  63.2 | 590.0
       Dungeon | 100.0 | 100.0 |   2.5 |   0.0 |  63.2 | 590.0
               +-------+-------+-------+-------+-------+----------------------

Table legend:
 A = Kills in this place as a percentage of kills in entire the game.
 B = Kills by you in this place as a percentage of kills by you in the entire game.
 C = Kills by friends in this place as a percentage of kills by friends in the entire game.
 D = Other kills in this place as a percentage of other kills in the entire game.
 E = Experience gained in this place as a percentage of experience gained in the entire game.
 F = Experience gained in this place divided by the number of levels of this place that you have seen.
                   A       B       C       D       E      F
               +-------+-------+-------+-------+-------+----------------------
         Total | 100.0 | 100.0 |   N/A |   N/A | 100.0 |  38.5
       Dungeon | 100.0 | 100.0 |   N/A |   N/A | 100.0 |  38.5
               +-------+-------+-------+-------+-------+----------------------

Action                   || total
-------------------------++-------
Melee: Mace              ||    77
       Headbutt          ||     8
  Eat: Chunk             ||     1
Armor: Animal skin       ||     9
Dodge: Dodged            ||    51

Vanquished Creatures
  An adder (D:2)
  A dart slug (D:2)
  2 leopard geckos
  A giant cockroach (D:1)
  7 goblins
  7 hobgoblins
  2 ball pythons (D:2)
  3 bats
  3 frilled lizards
  5 kobolds
  10 rats
42 creatures vanquished.
